 Dungeon Crawl Stone Soup version 0.31-a0-180-g519b7de00c (webtiles) character file.

Game seed: 7514801291115639248

115 qw the Shooter (level 5, -2/49 HPs)
             Began as a Naga Hunter on June 19, 2023.
             Killed from afar by an acid dragon (23 damage)
             ... with a splash of acid
             ... on level 4 of the Dungeon.
             The game lasted 00:00:42 (1921 turns).

qw the Shooter (Naga Hunter)                        Turns: 1921, Time: 00:00:43

Health: -2/49      AC:  7    Str: 14    XL:     5   Next: 0%
Magic:  5/5        EV: 14    Int:  9    God:
Gold:   82         SH:  0    Dex: 16    Spells: 4/4 levels left

rFire   . . .        Y - +0 shortbow
rCold   . . .        (shield currently unavailable)
rNeg    . . .        c - +0 leather armour
rPois   +            (no helmet)
rElec   .            (no cloak)
rCorr   .            (no gloves)
SInv    +            (no barding)
Will    .....        f - amulet of the acrobat
Stlth   ++           h - +5 ring of evasion
HPRegen 0.28/turn    k - +4 ring of protection
MPRegen 0.09/turn

%: acrobat
@: short of breath, slowed, very slow
A: AC +1, large, see invisible, deformed body, poison resistance, slowness 2,
spit poison 1, naga tail 1
a: Spit Poison


You were on level 4 of the Dungeon.
You visited 1 branch of the dungeon, and saw 4 of its levels.

You collected 82 gold pieces.


Innate Abilities, Weirdness & Mutations

Your serpentine skin is tough. (AC +1)
You have supernaturally acute eyesight. (SInv)
Armour fits poorly on your strangely shaped body.
Your system is resistant to poisons. (rPois)
You cover ground very slowly.
You can spit poison.
You have a snake-like lower body.


   Skills:
 - Level 3.1 Fighting
 + Level 5.1 Ranged Weapons
 - Level 1.5 Dodging
 - Level 1.5 Stealth


You had 4 spell levels left.
You didn't know any spells.
Your spell library was empty.

Inventory:

Hand Weapons
 Y - a +0 shortbow (weapon)
Armour
 c - a +0 leather armour (worn)
Jewellery
 f - an amulet of the acrobat (around neck)
 h - a +5 ring of evasion (left hand)
 k - a +4 ring of protection (right hand)
Scrolls
 a - a scroll of identify
 b - a scroll of teleportation
Potions
 e - a potion of curing
 g - a potion of enlightenment

Dungeon Overview and Level Annotations

Branches:
Dungeon (4/15)
 Temple: D:4-7

Altars:
Dithmenos
Hepliaklqana
Qazlal
The Shining One


Message History

You shoot an arrow. The arrow closely misses the gnoll.
A gnoll comes into view. It is wielding a +0 club.
You shoot an arrow. The gnoll shouts!
The arrow hits the gnoll.
The gnoll is almost dead.
You kill the gnoll!
You shoot an arrow. The arrow hits the dart slug.
The dart slug is moderately wounded.
You have got your breath back.
A quokka comes into view.
A hornet comes into view.
The dart slug launches a dart at you.
The slug dart hits you but does no damage.
1917 ||| INVOKING Spit Poison.
Aiming: Spit Poison (1% risk of failure)
Press: ? - help, Shift-Dir - straight line, f/p - dart slug The splash of poison hits the dart slug.
You kill the dart slug!
A gnoll comes into view. It is wielding a +0 flail.
You have reached level 5!
You shoot an arrow. The arrow barely misses the gnoll.
The gnoll shouts!
You shoot an arrow. The arrow hits the gnoll.
The gnoll is lightly wounded.
An acid dragon comes into view.
You shoot an arrow. The acid dragon roars!
The arrow hits the gnoll.
The gnoll is heavily wounded.
The hornet stings you!
You feel yourself slow down. The gnoll hits you with a +0 club.
You shoot an arrow.
The arrow hits the gnoll but does no damage.
The gnoll is heavily wounded.
The hornet barely misses you. The quokka closely misses you.
The hornet closely misses you. The gnoll closely misses you.
The quokka closely misses you. The hornet stings you!
The acid dragon spits acid at you. The splash of acid hits you!!
You die...

#...........#
#...........#
#...%D......
#.........!
..#.......##
.......g...#
..?...r)y..#
#.....g@...# #
...........#...
............##
..#....<.....#
# ##...).###...
####### .. .


You could see a hornet, an acid dragon (catching breath), 2 gnolls and a quokka.

Vanquished Creatures
  2 gnolls (D:4)
  3 adders (D:2)
  A dart slug (D:4)
  2 worms (D:2)
  2 orcs (D:3)
  3 ball pythons
  4 bats
  4 endoplasms
  4 giant cockroaches (D:3)
  4 goblins
  8 hobgoblins
  2 jackals (D:3)
  3 kobolds
  5 quokkas
  4 frilled lizards
  2 rats (D:2)
53 creatures vanquished.

Notes
Turn   | Place    | Note
-------+----------+-------------------------------------------
     0 | D:1      | qw the Naga Hunter began the quest for the Orb.
     0 | D:1      | Reached XP level 1. HP: 19/19 MP: 1/1
     0 | D:1      | 0 ||| qw: Version: 0.3-a-7-ge0c9b40
     0 | D:1      | 0 ||| qw: Game counter: 976
     0 | D:1      | 0 ||| qw: Always use a shield: true
     0 | D:1      | 0 ||| qw: God list: Okawaru
     0 | D:1      | 0 ||| qw: Allow faded altars: false
     0 | D:1      | 0 ||| qw: Do Orc after D:15 true
     0 | D:1      | 0 ||| qw: Do second Lair branch before Depths: true
     0 | D:1      | 0 ||| qw: Lair rune preference: random
     0 | D:1      | 0 ||| qw: Plans: Normal
     0 | D:1      | 0 ||| PLANNING D:1-11
    46 | D:1      | 46 ||| INVOKING Spit Poison.
    72 | D:1      | 72 ||| INVOKING Spit Poison.
    77 | D:1      | 77 ||| INVOKING Spit Poison.
    80 | D:1      | 80 ||| INVOKING Spit Poison.
    86 | D:1      | Reached skill level 4 in Ranged Weapons
    86 | D:1      | Reached XP level 2. HP: 10/26 MP: 2/2
   182 | D:1      | 182 ||| INVOKING Spit Poison.
   223 | D:1      | 223 ||| INVOKING Spit Poison.
   246 | D:1      | 246 ||| INVOKING Spit Poison.
   250 | D:1      | 250 ||| INVOKING Spit Poison.
   283 | D:1      | 283 ||| INVOKING Spit Poison.
   294 | D:1      | 294 ||| INVOKING Spit Poison.
   333 | D:1      | 333 ||| INVOKING Spit Poison.
   388 | D:1      | 388 ||| INVOKING Spit Poison.
   497 | D:1      | 497 ||| UPGRADING to amulet of the acrobat.
   502 | D:1      | 502 ||| READING scroll labelled LUFEQU XATAE.
   503 | D:1      | 503 ||| DROPPING scroll of butterflies.
   508 | D:2      | Found a hazy altar of Hepliaklqana.
   510 | D:2      | 510 ||| INVOKING Spit Poison.
   533 | D:2      | 533 ||| INVOKING Spit Poison.
   536 | D:2      | Reached XP level 3. HP: 32/32 MP: 3/3
   630 | D:2      | 630 ||| INVOKING Spit Poison.
   637 | D:2      | 637 ||| INVOKING Spit Poison.
   646 | D:2      | 646 ||| INVOKING Spit Poison.
   786 | D:2      | 786 ||| INVOKING Spit Poison.
   851 | D:2      | 851 ||| INVOKING Spit Poison.
   861 | D:2      | 861 ||| INVOKING Spit Poison.
   865 | D:2      | 865 ||| INVOKING Spit Poison.
   869 | D:2      | 869 ||| INVOKING Spit Poison.
   870 | D:2      | Reached skill level 5 in Ranged Weapons
   893 | D:2      | 893 ||| INVOKING Spit Poison.
   895 | D:2      | Reached XP level 4. HP: 37/39 MP: 4/4
   979 | D:2      | Found a faded altar of an unknown god.
   980 | D:2      | 980 ||| INVOKING Spit Poison.
  1038 | D:2      | 1038 ||| DROPPING amulet of guardian spirit.
  1039 | D:2      | 1039 ||| UPGRADING to +5 ring of evasion.
  1040 | D:2      | 1040 ||| READING scroll labelled QON BIMMUATOC.
  1041 | D:2      | 1041 ||| READING scroll labelled LUMMOCHODYK.
  1045 | D:2      | 1045 ||| READING scroll labelled KOEWKA OLUCO TUN.
  1119 | D:3      | 1119 ||| PLANNING SEWER
  1185 | D:3      | 1185 ||| INVOKING Spit Poison.
  1200 | D:3      | 1200 ||| INVOKING Spit Poison.
  1206 | D:3      | 1206 ||| INVOKING Spit Poison.
  1317 | D:3      | 1317 ||| INVOKING Spit Poison.
  1344 | D:3      | Found a shadowy altar of Dithmenos.
  1346 | D:3      | Found a stormy altar of Qazlal.
  1448 | D:3      | 1448 ||| INVOKING Spit Poison.
  1544 | D:3      | 1544 ||| INVOKING Spit Poison.
  1562 | D:3      | 1562 ||| INVOKING Spit Poison.
  1600 | D:3      | Found a glowing golden altar of the Shining One.
  1606 | D:3      | 1606 ||| RIP SEWER
  1609 | D:3      | 1609 ||| PLANNING D:1-11
  1620 | D:3      | 1620 ||| INVOKING Spit Poison.
  1741 | D:3      | 1741 ||| INVOKING Spit Poison.
  1747 | D:3      | 1747 ||| INVOKING Spit Poison.
  1754 | D:3      | 1754 ||| INVOKING Spit Poison.
  1757 | D:3      | 1757 ||| INVOKING Spit Poison.
  1865 | D:3      | 1865 ||| UPGRADING to ring of willpower.
  1866 | D:3      | 1866 ||| UPGRADING to +4 ring of protection.
  1868 | D:3      | 1868 ||| DROPPING ring of willpower.
  1869 | D:3      | 1869 ||| READING scroll labelled KUOPHAL YDAIC.
  1870 | D:3      | 1870 ||| DRINKING 2 blue potions.
  1871 | D:3      | 1871 ||| READING 3 scrolls of identify.
  1871 | D:3      | 1871 ||| IDENTIFYING orange potion
  1872 | D:3      | 1872 ||| READING 2 scrolls of identify.
  1872 | D:3      | 1872 ||| IDENTIFYING lumpy white potion
  1873 | D:3      | 1873 ||| DROPPING potion of ambrosia.
  1906 | D:4      | 1906 ||| PLANNING OSSUARY
  1911 | D:4      | Reached skill level 3 in Fighting
  1912 | D:4      | 1912 ||| INVOKING Spit Poison.
  1916 | D:4      | Noticed a hornet
  1917 | D:4      | 1917 ||| INVOKING Spit Poison.
  1918 | D:4      | Reached XP level 5. HP: 49/49 MP: 5/5
  1919 | D:4      | Noticed an acid dragon
  1921 | D:4      | Killed from afar by an acid dragon

Levels and vault maps discovered:
D:1:      sevenhm_arrival_forest_fort_small_4, layout_rooms
D:2:      minmay_wonky_spiral, layout_rooms, basic_altar,
          chequers_ecumenical_altar_island, serial_curves, eino_curves_02,
          eino_curves_01
D:3:      layout_loops_ring, mainiacjoe_overflow_six_doors_small,
          chequers_temple_overflow_statue_of_worship, gup_sewer_entry_pipe
D:4:      layout_rooms, nicolae_ossuary_entry_ruins

Skill      XL: |  1  2  3  4 |
---------------+-------------+-----
Ranged Weapons | 4 5 |  5.1
Fighting       | 3 |  3.1
Dodging        | |  1.5
Stealth        | |  1.5

Action                     |  1- 3 |  4- 6 || total
---------------------------+-------+-------++-------
   Fire: Shortbow          |    59 |    39 ||    98
Ability: Spit Poison       |    23 |    15 ||    38
    Use: Scroll            |     1 |     6 ||     7
         Potion            |       |     1 ||     1
 Armour: Leather armour    |     2 |     4 ||     6
  Dodge: Dodged            |    16 |    10 ||    26

Table legend:
 A = Non-vault XP
 B = Vault XP
 C = Vault XP percentage of total XP
 D = Non-vault monster count
 E = Vault monster count
 F = Vault count percentage of total count
                 A         B        C        D         E       F
            +---------+---------+-------+---------+---------+-------
      Total |     144 |      21 |  12.7 |      44 |       9 |  17.0
            +---------+---------+-------+---------+---------+-------
        D:1 |      26 |       0 |   0.0 |      15 |       0 |   0.0
        D:2 |      66 |       7 |   9.6 |      17 |       2 |  10.5
        D:3 |      17 |      14 |  45.2 |       8 |       7 |  46.7
        D:4 |      35 |       0 |   0.0 |       4 |       0 |   0.0
            +---------+---------+-------+---------+---------+-------
